 Dungeon Crawl Stone Soup version 0.31-a0-1202-ga8fea8b373 (webtiles) character file.

Game seed: 13635560090446623422

856 Absurdism the Basher (level 8, -7/58 HPs)
             Began as a Human Fighter on Dec 12, 2023.
             Mangled by an ogre
             ... wielding a +0 giant club
              (17 damage)
             ... on level 5 of the Dungeon.
             The game lasted 00:06:11 (5003 turns).

Absurdism the Basher (Human Fighter)                Turns: 5003, Time: 00:06:12

Health: -7/58      AC:  9    Str: 18    XL:     8   Next: 22%
Magic:  8/8        EV:  9    Int:  9    God:
Gold:   552        SH:  4    Dex: 13    Spells: 7/7 levels left

rFire   . . .        a - +1 flail
rCold   + . .        c - +0 buckler
rNeg    . . .        b - +0 scale mail
rPois   .            i - +0 helmet
rElec   .            (no cloak)
rCorr   .            (no gloves)
SInv    .            k - +0 pair of boots
Will    .....        (no amulet) Stlth
                     l - ring of protection from cold
HPRegen 0.29/turn    (no ring)
MPRegen 0.11/turn

%: no passive effects
@: marked
A: no striking features
a: no special abilities


You were on level 5 of the Dungeon.
You visited 1 branch of the dungeon, and saw 5 of its levels.
You also visited: Ossuary.

You collected 552 gold pieces.

Inventory:

Hand Weapons
 a - a +1 flail (weapon)
Armour
 b - a +0 scale mail (worn)
 c - a +0 buckler (worn)
 f - a +0 plate armour
 i - a +0 helmet (worn)
 k - a +0 pair of boots (worn)
Jewellery
 l - a ring of protection from cold (left hand)
 m - an amulet of magic regeneration
Wands
 o - a wand of charming (2)
Scrolls
 p - a scroll of silence
Potions
 d - 2 potions of might
 e - 4 potions of curing
 g - 3 potions of heal wounds
 j - a potion of mutation {unknown}
 n - a potion of lignification {unknown}


   Skills:
 - Level 3.0 Fighting
 + Level 9.0 Maces & Flails
 - Level 3.0 Armour
 - Level 3.0 Shields


You had 7 spell levels left.
You didn't know any spells.
Your spell library contained the following spells:

 Spells                   Type           Power      Damage    Failure   Level
 Slow                     Hex            0%         N/A       85%         1
 Summon Small Mammal      Summ           0%         N/A       85%         1
 Ensorcelled Hibernation  Hex/Ice        0%         N/A       94%         2
 Passwall                 Tmut/Erth      0%         N/A       94%         2
 Call Canine Familiar     Summ           0%         N/A       99%         3
 Confusing Touch          Hex            0%         N/A       99%         3
 Sigil of Binding         Hex            0%         N/A       99%         3
 Summon Guardian Golem    Hex/Summ       0%         N/A       99%         3
 Swiftness                Air            0%         N/A       99%         3
 Vampiric Draining        Necr           0%         2d6       99%         3


Dungeon Overview and Level Annotations

Branches:
Dungeon (5/15)            Ossuary (visited)
 Temple: D:4-7

Altars:
Elyvilon
Trog
The Shining One

Shops:
D:2 ?


Message History

The ufetubus hits you.
You barely miss the ufetubus. The ufetubus closely misses you.
You block the ufetubus's attack. The ufetubus hits you.
The ufetubus barely misses you.
Unknown command.
The ufetubus barely misses you. The ufetubus hits you.
An orc comes into view. It is wielding a +0 trident.
The ogre hits you with a +0 giant club!
* * * LOW HITPOINT WARNING * * *
You block the ufetubus's attack.
The ufetubus hits you but does no damage.
The ufetubus hits you.
* * * LOW HITPOINT WARNING * * *
The ufetubus hits you but does no damage.
You block the ufetubus's attack. x2
You see here a smoky purple potion.
The ufetubus hits you.
* * * LOW HITPOINT WARNING * * *
The ufetubus barely misses you. You block the ufetubus's attack.
The ufetubus barely misses you.
Okay, then.
The air fills with toxic fumes!
As you read the scroll of poison, it crumbles to dust.
The ufetubus closely misses you.
The ufetubus hits you but does no damage. x3
A sleepcap comes into view.
The ufetubus hits you but does no damage.
The ufetubus barely misses you. The ufetubus completely misses you.
The ufetubus hits you but does no damage.
The ufetubus slips past you! The ufetubus barely misses you.
The ufetubus hits you but does no damage.
You block the ufetubus's attack. The ufetubus barely misses you.
You hit the ogre.
The ogre is heavily wounded.
The ufetubus hits you but does no damage.
The ufetubus closely misses you.
The ufetubus is engulfed in poison gas.
The ufetubus is poisoned.
The ufetubus hits you but does no damage.
The ufetubus closely misses you. The ogre hits you with a +0 giant club!
You die...

..##########.[.## #.####
#.....÷.....#.## #.#
#####.##.##.### #.#
#.##.##.# ##.##
#.##...§##### #...#
#####.##....§§§§# #...#
.....÷##.#####§§# #..(#
.........# #§5####§§§#####
.........# #§§@5!§§§§§...#
.........# #§§§O§§§fo§....
#......#.# #§§§§§§o§§§...#
##....##....§§§§###§§§§#.###
.##..## ##.§§§§§# #§§§§# o.
..##.# ##§##### #(§§§# ##
.#'..# #§# #..§§# ##..###..
§ #.#§## #÷......## #....


You could see an ogre, a sleepcap, an orc wizard, 2 ufetubi and an orc.

Vanquished Creatures
  Menkaure (D:4)
  An ogre (D:4)
  A phantom (D:5)
  A centaur zombie (Ossuary)
  An orc priest (D:3)
  2 hounds
  2 iguanas
  Natasha (twice) (D:2)
  2 orc wizards (D:4)
  2 mummies (Ossuary)
  Robin (D:2)
  4 gnolls (D:4)
  9 adders
  A shadow imp (D:4)
  2 ufetubi (D:4)
  A worm (D:2)
  3 dart slugs
  7 orcs
  6 ball pythons
  6 bats
  10 endoplasms
  3 giant cockroaches
  8 hobgoblins
  8 jackals
  4 quokkas
  A frilled lizard (D:1)
  2 gnoll zombies (Ossuary)
  20 goblins
  5 goblin zombies (Ossuary)
  3 hobgoblin zombies (Ossuary)
  10 kobolds
  3 orc zombies (Ossuary)
  3 rats
135 creatures vanquished.

Notes
Turn   | Place    | Note
-------+----------+-------------------------------------------
     0 | D:1      | Absurdism the Human Fighter began the quest for the Orb.
     0 | D:1      | Reached XP level 1. HP: 18/18 MP: 1/1
   319 | D:1      | Reached XP level 2. HP: 24/24 MP: 2/2
   698 | D:1      | Reached skill level 3 in Maces & Flails
  1146 | D:2      | Reached XP level 3. HP: 29/29 MP: 3/3
  1207 | D:2      | Noticed Robin
  1224 | D:2      | Killed Robin
  1237 | D:2      | Reached skill level 4 in Maces & Flails
  1237 | D:2      | Reached XP level 4. HP: 35/35 MP: 4/4
  1326 | D:2      | Found Jescheli's Magic Scroll Emporium.
  1400 | D:2      | You fall into a shaft and drop 1 floor!
  1626 | D:3      | Reached XP level 5. HP: 30/41 MP: 5/5
  1791 | D:3      | Reached skill level 5 in Maces & Flails
  2147 | D:2      | Noticed Natasha
  2156 | D:2      | Killed Natasha
  2465 | D:2      | Noticed Natasha
  2470 | D:2      | Killed Natasha
  2471 | D:2      | Reached XP level 6. HP: 35/47 MP: 6/6
  2769 | D:2      | Reached skill level 6 in Maces & Flails
  3341 | D:3      | Found a bloodstained altar of Trog.
  3343 | D:3      | Found a glowing golden altar of the Shining One.
  3347 | D:3      | Found a white marble altar of Elyvilon.
  3567 | D:4      | Noticed Menkaure
  3737 | D:4      | Killed Menkaure
  3738 | D:4      | Reached skill level 7 in Maces & Flails
  3738 | D:4      | Reached XP level 7. HP: 19/52 MP: 7/7
  4229 | D:4      | Reached skill level 8 in Maces & Flails
  4463 | D:5      | Entered Level 5 of the Dungeon
  4606 | D:5      | Reached XP level 8. HP: 53/58 MP: 8/8
  4648 | D:5      | Found a sand-covered staircase.
  4652 | Ossuary  | Entered an ossuary
  4994 | D:5      | Reached skill level 9 in Maces & Flails
  5003 | D:5      | Mangled by an ogre

Illustrated notes

Levels and vault maps discovered:
D:1:      spicycebolla_arrival_ecumenical, layout_loops_corners, serial_bayou,
          serial_bayou_crossing, serial_bayou_pond_e, serial_bayou_pond_d,
          serial_bayou_pond_a
D:2:      minmay_skewed_foursquare, layout_loops_cross, serial_shops, shop,
          minmay_quadrilaterals, uniq_robin, uniq_natasha
D:3:      layout_loops_ring, grunt_temple_overflow_diamond, hex_medium
D:4:      layout_rooms, uniq_menkaure
D:5:      layout_loops_cross, dk_yredelemnul_ordeal, enter_ossuary_5

Skill      XL: |  1  2  3  4  5  6  7  8 |
---------------+-------------------------+-----
Maces & Flails | 3 4 5 7 8 9 |  9.0
Fighting       | |  3.0
Armour         | |  3.0
Shields        | |  3.0

Action                     |  1- 3 |  4- 6 |  7- 9 || total
---------------------------+-------+-------+-------++-------
  Melee: Flail             |    95 |   239 |   145 ||   479
    Use: Scroll            |     2 |     6 |     4 ||    12
         Potion            |       |     1 |     1 ||     2
 Armour: Scale mail        |    51 |   192 |   125 ||   368
  Dodge: Dodged            |    46 |   139 |    72 ||   257
  Block: Buckler           |    25 |    67 |    33 ||   125

Table legend: (Time is in decaauts)
 A = Elapsed time spent in this place.
 B = Non-inter-level travel time spent in this place.
 C = Inter-level travel time spent in this place.
 D = Time resting spent in this place.
 E = Time spent auto-exploring this place.
 F = Levels seen in this place.
 G = Mean time per level.
                   A        B        C        D        E       F      G
               +--------+--------+--------+--------+--------+-----+--------+
         Total |   5119 |   5006 |    113 |    787 |   3065 |   6 |  853.2 |
       Dungeon |   4884 |   4771 |    113 |    699 |   3007 |   5 |  976.8 |
       Ossuary |    234 |    234 |      0 |     88 |     58 |   1 |  234.0 |
               +--------+--------+--------+--------+--------+-----+--------+

Top non-repeatable levels by time:
     D:2: 1425 daAuts
     D:1: 1183 daAuts
     D:4: 1069 daAuts
     D:3: 959 daAuts
     D:5: 246 daAuts
 Ossuary: 234 daAuts
